 Dungeon Crawl Stone Soup version 0.18.1-8-gdd0e5ea (webtiles) character file.

240 shmeve the Shield-Bearer (level 6, -3/49 HPs)
             Began as a Formicid Fighter on May 26, 2016.
             Was an Initiate of Okawaru.
             Slain by Menkaure (15 damage)
             ... on level 5 of the Dungeon.
             The game lasted 00:06:53 (3323 turns).

shmeve the Shield-Bearer (Formicid Fighter)         Turns: 3323, Time: 00:06:54

Health: -3/49      AC: 12    Str: 22    XL:     6   Next: 29%
Magic:  0/7        EV:  5    Int:  8    God:    Okawaru [......]
Gold:   167        SH: 10    Dex: 10    Spells: 0 memorised, 5 levels left

rFire  . . .     SeeInvis +     a - +0 war axe
rCold  . . .     Gourm    .     g - +0 plate armour
rNeg   . . .     Faith    .     c - +0 shield
rPois  .         Spirit   +     (helmet unavailable)
rElec  .         Dismiss  .     (no cloak)
rCorr  .         Reflect  .     (no gloves)
SustAt .         Harm     .     e - +0 pair of boots
MR     .....                    n - amulet of guardian spirit
Stlth  ..........               (no ring)
                                t - ring of stealth

@: not resistant to hostile enchantments, extremely unstealthy
A: permanent stasis, dig shafts and tunnels, four strong arms, antennae 3
a: Dig, Shaft Self, Renounce Religion


You were on level 5 of the Dungeon.
You worshipped Okawaru.
Okawaru was noncommittal.
You were not hungry.

You visited 1 branch of the dungeon, and saw 5 of its levels.

You collected 167 gold pieces.

Inventory:

Hand Weapons
 a - a +0 war axe (weapon)
Armour
 c - a +0 shield (worn)
 e - a +0 pair of boots (worn)
 g - a +0 plate armour (worn)
Jewellery
 n - an amulet of guardian spirit (around neck)
 t - a ring of stealth (left hand)
Scrolls
 i - 2 scrolls of fog
 l - 6 scrolls of identify {unknown}
 u - a scroll of enchant armour {unknown}
 v - a scroll of recharging {unknown}
Potions
 b - a potion of flight {unknown}
 d - 3 potions of might
 k - a potion of lignification {unknown}
 m - a potion of heal wounds {unknown}
 o - 2 potions of curing {unknown}
 p - a potion of magic {unknown}
 q - 2 potions of invisibility {unknown}
 r - 2 potions of cancellation {unknown}
Comestibles
 f - 2 bread rations
 h - a meat ration
 j - 2 beef jerkies


   Skills:
 * Level 4.5 Fighting
 * Level 3.3 Axes
 + Level 4.0 Armour
 + Level 1.4 Dodging
 * Level 4.9 Shields
 + Level 1.4 Invocations


You had 5 spell levels left.
You didn't know any spells.

Dungeon Overview and Level Annotations

Branches:
Dungeon (5/15)
 Temple: D:4-7

Altars:
Dithmenos
Okawaru
Ru

Shops:
D:4 *

Annotations:
D:5 Menkaure


Innate Abilities, Weirdness & Mutations

You are under a permanent stasis effect.
You can dig through walls and to a lower floor.
Your four strong arms can wield two-handed weapons with a shield.
You have a pair of large antennae on your head (SInv).


Message History

You climb downwards.
A worker ant and Menkaure come into view.
Menkaure shouts!
Found five items.
Found a stone staircase leading up.
There is a stone staircase leading up here.
Menkaure casts a spell at you. Pain shoots through your body!
A worker ant zombie comes into view.
You hit Menkaure but do no damage. Menkaure hits you!
You barely miss Menkaure.
Menkaure calls on the powers of darkness!
Your body is wracked with pain!
The worker ant convulses!
You hit Menkaure but do no damage. You slash the worker ant!
You kill the worker ant!
Okawaru accepts your kill. Menkaure hits you!
* * * LOW HITPOINT WARNING * * *
Menkaure forgets how to to speak, silenced by the ages.
Menkaure hits you!
You die...

##### ....#
..!.# ....#
#########..".###
.......#......).
.......#<....#
.......†...###
....Z..@.#.#
......M#.#.#
..?....#.# .
....<....# #.
.........# ..
.....(...# ..
....... ..
####.## ..


You could see Menkaure and a worker ant zombie.

Vanquished Creatures
  An orc priest (D:4)
  4 worker ants
  A hound skeleton (D:4)
  3 adders
  An adder skeleton (D:4)
  4 dart slugs
  2 giant geckos
  6 orcs (D:4)
  A ball python (D:3)
  5 giant cockroaches
  3 goblins
  8 hobgoblins
  7 jackals (D:1)
  2 quokkas
  9 bats
  A giant gecko skeleton (D:4)
  4 giant newts
  6 kobolds
  5 rats
73 creatures vanquished.

Notes
Turn   | Place    | Note
--------------------------------------------------------------
     0 | D:1      | shmeve the Formicid Fighter began the quest for the Orb.
     0 | D:1      | Reached XP level 1. HP: 18/18 MP: 1/1
    56 | D:1      | Reached XP level 2. HP: 18/24 MP: 2/2
   369 | D:1      | Reached XP level 3. HP: 29/29 MP: 3/3
  1364 | D:3      | Reached XP level 4. HP: 15/36 MP: 4/4
  1661 | D:3      | Found an iron altar of Okawaru.
  1669 | D:3      | Reached skill level 1 in Dodging
  1690 | D:3      | Became a worshipper of Warmaster Okawaru
  2248 | D:4      | Reached XP level 5. HP: 42/42 MP: 5/5
  2308 | D:4      | Reached skill level 1 in Invocations
  2326 | D:4      | HP: 2/42 [poisoned by a worker ant]
  2743 | D:4      | Reached XP level 6. HP: 49/49 MP: 6/6
  2805 | D:4      | Found a shadowy altar of Dithmenos.
  2919 | D:4      | Found Tuch's General Store.
  3089 | D:4      | Found a sacrificial altar of Ru.
  3318 | D:5      | Entered Level 5 of the Dungeon
  3318 | D:5      | Noticed Menkaure
  3323 | D:5      | Slain by Menkaure

Skill      XL: |  1  2  3  4  5 |
---------------+----------------+-----
Shields        | 4 |  4.9
Dodging        | 1 |  1.4
Axes           | 3 |  3.3
Fighting       | 4 |  4.5
Invocations    | 1 |  1.4
Armour         | 4 |  4.0

Action                   |  1- 3 |  4- 6 || total
-------------------------+-------+-------++-------
Melee: War axe           |   102 |   132 ||   234
  Use: Scroll            |       |     7 ||     7
  Eat: Chunk             |       |     8 ||     8
Armor: Scale mail        |    53 |    16 ||    69
       Plate armour      |       |    66 ||    66
Dodge: Dodged            |    49 |    45 ||    94
Block: Shield            |    95 |    96 ||   191
